 Dungeon Crawl Stone Soup version 0.25-a0-189-gf71692caf1 (webtiles) character file.

Game seed: 3090625624630020621, levelgen mode: deterministic

2979 floatRand the Blocker (level 10, -1/73 HPs)
             Began as a Formicid Fighter on Nov 29, 2019.
             Slain by a warg (9 damage)
             ... on level 9 of the Dungeon.
             The game lasted 00:11:24 (6566 turns).

floatRand the Blocker (Formicid Fighter)            Turns: 6566, Time: 00:11:25

Health: -1/73      AC:  9    Str: 21    XL:     10   Next: 9%
Magic:  10/10      EV:  9    Int: 12    God:
Gold:   360        SH: 12    Dex: 12    Spells: 9/9 levels left

rFire    . . .     SeeInvis +   o - +4 flail (crush)
rCold    . . .     Gourm    .   c - +1 shield
rNeg     . . .     Faith    .   j - +0 chain mail
rPois    +         Spirit   .   (helmet unavailable)
rElec    .         Reflect  .   (no cloak)
rCorr    .         Harm     .   (no gloves)
MR       +....                  (no boots)
Stlth    ..........             (no amulet)
HPRegen  0.22/turn              b - ring of Jejink {rPois rC- Int+3 Slay+2}
MPRegen  0.12/turn              s - ring of protection from cold

@: no status effects
A: permanent stasis, dig shafts and tunnels, four strong arms, antennae 3
a: Dig, Shaft Self


You were on level 9 of the Dungeon.
You were not hungry.

You visited 1 branch of the dungeon, and saw 7 of its levels.

You collected 360 gold pieces.

Inventory:

Hand Weapons
 o - a +4 flail of crushing (weapon)
Armour
 c - a +1 shield (worn)
 j - a +0 chain mail (worn)
Jewellery
 b - the ring of Jejink (left hand) {rPois rC- Int+3 Slay+2}
   (You found it on level 5 of the Dungeon)

   [ring of intelligence]

   It affects your intelligence (+3).
   It affects your accuracy and damage with ranged weapons and melee attacks
   (+2).
   It makes you vulnerable to cold.
   It protects you from poison.
 s - a ring of protection from cold (right hand)
 u - an uncursed ring of ice
Scrolls
 e - a scroll of enchant weapon
 g - a scroll of immolation
 t - 3 scrolls of identify
Potions
 d - a potion of mutation {unknown}
 k - a potion of lignification
 m - a potion of heal wounds
 n - a potion of brilliance
 p - 4 potions of curing
 q - 3 potions of flight
 r - 2 potions of magic
Comestibles
 f - 14 rations


   Skills:
 + Level 4.9 Fighting
   Level 8.3 Axes
 + Level 4.8 Armour
 + Level 2.8 Dodging
 + Level 7.1 Stealth
 - Level 9.0 Shields


You had 9 spell levels left.
You didn't know any spells.
Your spell library contained the following spells:

 Spells                   Type           Power        Failure   Level  Hunger
 Magic Dart               Conj           #...         96%         1    ##.....
 Call Imp                 Summ           #.......     99%         2    ###....
 Slow                     Hex            #.......     99%         2    ###....
 Conjure Flame            Conj/Fire      #.......     100%        3    ####...
 Mephitic Cloud           Conj/Pois/Air  #.......     100%        3    ####...
 Blink                    Tloc           Unusable     N/A         2    N/A

Dungeon Overview and Level Annotations

Branches:
Dungeon (6/15)               Lair (0/6) D:9
 Temple: D:4-7

Altars:


Innate Abilities, Weirdness & Mutations

You cannot be hasted, slowed, berserked, paralysed or teleported.
You can dig through walls and to a lower floor.
Your four strong arms can wield two-handed weapons with a shield.
You have a pair of large antennae on your head. (SInv)


Message History

You closely miss the big kobold.
The big kobold is almost dead.
You block the big kobold's attack.
You sock the big kobold!
You kill the big kobold!
You completely miss the kobold. You block the kobold's attack.
You hit the kobold.
You kill the kobold!
You sock the warg!
The warg is moderately wounded.
The warg bites you. The warg bites you!
* * * LOW HITPOINT WARNING * * *
You closely miss the warg.
The warg is moderately wounded.
The warg bites you!
* * * LOW HITPOINT WARNING * * *
You hit the warg but do no damage.
The warg is moderately wounded.
You block the warg's attack. The warg bites you!
You die...

{ ###
#+#######h##
##./.K.{{{#@#
###....(#######
##.....o..{##
#...........#.#
........K..KK.#
......>.....K.#
.........P....#
#...........#.#
##.........####


You could see a warg.

Vanquished Creatures
  Sigmund (D:4)
  2 wargs (D:9)
  Edmund (D:6)
  Duvessa (D:4)
  2 orc warriors (D:6)
  An ice beast (D:6)
  A sky beast (D:5)
  4 ogres
  A necrophage (D:6)
  3 centaurs
  A big kobold (D:9)
  3 bullfrogs
  Blork the orc (D:6)
  Dowan (D:4)
  A scorpion (D:4)
  2 crimson imps
  4 orc priests
  A hound (D:4)
  3 centaur skeletons
  4 iguanas
  3 orc wizards
  2 worker ants
  10 gnolls
  4 adders
  2 shadow imps (D:5)
  2 oozes
  An adder skeleton (D:4)
  3 worms
  2 dart slugs
  3 leopard geckos
  33 orcs
  2 ball pythons
  5 bats
  7 giant cockroaches
  13 hobgoblins
  9 jackals
  16 kobolds
  2 quokkas
  9 frilled lizards
  A giant cockroach zombie (D:6)
  18 goblins
  7 rats
192 creatures vanquished.

Notes
Turn   | Place    | Note
-------+----------+-------------------------------------------
     0 | D:1      | floatRand the Formicid Fighter began the quest for the Orb.
     0 | D:1      | Reached XP level 1. HP: 18/18 MP: 1/1
   170 | D:1      | Reached skill level 4 in Shields
   170 | D:1      | Reached XP level 2. HP: 18/24 MP: 2/2
   353 | D:1      | Reached XP level 3. HP: 29/29 MP: 3/3
  1089 | D:2      | You fall into a shaft and drop 1 floor!
  1125 | D:3      | Reached XP level 4. HP: 24/35 MP: 4/4
  1348 | D:2      | Reached skill level 5 in Shields
  1521 | D:2      | Reached XP level 5. HP: 37/41 MP: 5/5
  2034 | D:3      | Noticed a bullfrog
  2044 | D:3      | Killed a bullfrog
  2044 | D:3      | Reached XP level 6. HP: 40/47 MP: 6/6
  2197 | D:3      | Reached skill level 6 in Shields
  2836 | D:4      | Noticed Sigmund
  2858 | D:4      | Killed Sigmund
  2858 | D:4      | Reached skill level 5 in Axes
  2858 | D:4      | Reached skill level 7 in Shields
  2858 | D:4      | Reached XP level 7. HP: 11/52 MP: 7/7
  3336 | D:4      | Reached skill level 1 in Stealth
  3373 | D:4      | Noticed Dowan
  3374 | D:4      | Noticed Duvessa
  3477 | D:4      | Killed Duvessa
  3492 | D:4      | Killed Dowan
  3492 | D:4      | Reached XP level 8. HP: 45/58 MP: 8/8
  3828 | D:5      | Entered Level 5 of the Dungeon
  3967 | D:5      | Reached skill level 8 in Shields
  4338 | D:5      | Got a faintly glowing iron ring
  4340 | D:5      | Identified the ring of Jejink {rPois rC- Int+3 Slay+2} (You
                  | found it on level 5 of the Dungeon)
  4821 | D:5      | Reached XP level 9. HP: 57/64 MP: 9/9
  5287 | D:6      | Noticed Blork the orc
  5297 | D:6      | Killed Blork the orc
  5505 | D:6      | Reached skill level 5 in Stealth
  5624 | D:6      | Reached skill level 9 in Shields
  5683 | D:6      | Noticed Edmund
  5756 | D:6      | Killed Edmund
  5765 | D:6      | Reached skill level 1 in Dodging
  6511 | D:6      | You fall into a shaft and drop 3 floors!
  6511 | D:9      | Found a staircase to the Lair.
  6535 | D:9      | Reached XP level 10. HP: 36/73 MP: 10/10
  6566 | D:9      | Slain by a warg

Levels and vault maps discovered:
D:1:      wander_arrival_abandoned_jail, layout_basic, kennysheep_crisscross
D:2:      minmay_recursive_quarters, layout_basic
D:3:      layout_basic, first_ration
D:4:      layout_basic, uniq_sigmund, uniq_duvessa
D:5:      corexii_shantytown, layout_basic, kennysheep_generic_room_2
D:6:      layout_loops_ring, gammafunk_temple_overflow_elements,
          nrook_pool_corridor, uniq_blork_the_orc, uniq_edmund
D:9:      layout_roguey, erik_lair_orcish_takeover, serial_shops, shop,
          serial_curves, eino_curves_02, eino_curves_01, eino_curves_01,
          hangedman_fish_farm, minivault_10, minmay_pinched_square

Skill      XL: |  1  2  3  4  5  6  7  8  9 10 |
---------------+-------------------------------+-----
Shields        | 4 5 7 8 9 |  9.0
Axes           | 3 4 5 6 7 8 |  8.3
Stealth        | 2 4 6 7 |  7.1
Dodging        | 2 |  2.8
Fighting       | 4 |  4.9
Armour         | 4 |  4.8

Action                   |  1- 3 |  4- 6 |  7- 9 | 10-12 || total
-------------------------+-------+-------+-------+-------++-------
Melee: War axe           |   111 |       |       |       ||   111
       Flail             |    15 |   143 |   295 |    29 ||   482
 Abil: Dig               |       |       |     2 |       ||     2
  Use: Scroll            |       |     7 |    10 |       ||    17
       Potion            |       |     1 |     3 |       ||     4
  Eat: Ration            |     1 |       |       |       ||     1
       Chunk             |       |     3 |    13 |       ||    16
Armor: Scale mail        |    58 |    44 |    21 |       ||   123
       Chain mail        |       |       |    54 |     3 ||    57
Dodge: Dodged            |    30 |    49 |    75 |     3 ||   157
Block: Shield            |    68 |    69 |   174 |    11 ||   322

Table legend:
 A = Non-vault XP
 B = Vault XP
 C = Vault XP percentage of total XP
 D = Non-vault monster count
 E = Vault monster count
 F = Vault count percentage of total count
                 A         B        C        D         E       F
            +---------+---------+-------+---------+---------+-------
      Total |    2933 |    1324 |  31.1 |     139 |      53 |  27.6
            +---------+---------+-------+---------+---------+-------
        D:1 |      49 |       0 |   0.0 |      25 |       0 |   0.0
        D:2 |      46 |      29 |  38.7 |      17 |      10 |  37.0
        D:3 |     212 |       0 |   0.0 |      31 |       0 |   0.0
        D:4 |     330 |     454 |  57.9 |      16 |       3 |  15.8
        D:5 |     834 |     106 |  11.3 |      22 |      31 |  58.5
        D:6 |    1353 |     257 |  16.0 |      25 |       2 |   7.4
        D:9 |     109 |     478 |  81.4 |       3 |       7 |  70.0
            +---------+---------+-------+---------+---------+-------
